 Dungeon Crawl Stone Soup version 0.30-a0-924-g0ad0bf95bc (webtiles) character file.

Game seed: 3775288798874454769

419 Darkkill the Shooter (level 6, -9/53 HPs)
             Began as a Minotaur Hunter on Mar 22, 2023.
             Mangled by an ogre
             ... wielding a +0 giant spiked club
              (28 damage)
             ... on level 4 of the Dungeon.
             The game lasted 00:03:36 (2781 turns).

Darkkill the Shooter (Minotaur Hunter)              Turns: 2781, Time: 00:03:37

Health: -9/53      AC:  3    Str: 15    XL:     6   Next: 62%
Magic:  5/5        EV: 13    Int:  6    God:
Gold:   183        SH:  0    Dex: 16    Spells: 5/5 levels left

rFire   . . .      SeeInvis .    a - +1 shortbow (freeze)
rCold   . . .      Faith    .    (shield currently unavailable)
rNeg    . . .      Spirit   .    c - +0 leather armour
rPois   .          Reflect  .    (helmet restricted)
rElec   .          Rampage  .    (no cloak)
rCorr   .                        (no gloves)
Will    .....                    (no boots)
Stlth   ++                       e - amulet of regeneration
HPRegen 1.08/turn                (no ring)
MPRegen 0.09/turn                (no ring)

@: no status effects
A: horns 2, retaliatory headbutt
a: no special abilities


You were on level 4 of the Dungeon.
You visited 1 branch of the dungeon, and saw 4 of its levels.

You collected 222 gold pieces.
You spent 39 gold pieces at shops.

Inventory:

Hand Weapons
 a - a +1 shortbow of freezing (weapon)
Missiles
 k - 20 stones
 l - 8 poisoned darts
Armour
 c - a +0 leather armour (worn)
Jewellery
 e - an amulet of regeneration (around neck)
Scrolls
 b - 2 scrolls of immolation
 n - a scroll of identify {unknown}
Potions
 f - 3 potions of resistance {unknown}
 g - a potion of lignification {unknown}
 h - 2 potions of attraction {unknown}
 i - a potion of haste {unknown}
 j - a potion of heal wounds {unknown}
 m - 2 potions of might {unknown}


   Skills:
 + Level 4.7 Fighting
 + Level 5.7 Ranged Weapons
 + Level 4.3 Dodging
 + Level 3.0 Stealth


You had 5 spell levels left.
You didn't know any spells.
Your spell library contained the following spells:

 Spells                   Type           Power      Damage    Failure   Level
 Sublimation of Blood     Necr           0%         N/A       67%         2
 Petrify                  Tmut/Erth      0%         N/A       99%         4
 Irradiate                Conj/Tmut      0%         3d11      100%        5


Dungeon Overview and Level Annotations

Branches:
Dungeon (4/15)
 Temple: D:4-7

Altars:
Dithmenos

Shops:
D:1 ![[


Innate Abilities, Weirdness & Mutations

You have a pair of horns on your head.
You reflexively headbutt those who attack you in melee.


Message History

Found a stone staircase leading down.
No target in view!
Found a scroll of torment.
A hound comes into view.
You shoot an arrow. The arrow hits the hound!
The arrow freezes the hound.
The hound is heavily wounded.
You shoot an arrow. The arrow barely misses the hound.
A hound is nearby!
You shoot an arrow. The arrow hits the hound.
The arrow freezes the hound.
The hound is severely wounded.
You shoot an arrow. The arrow barely misses the hound.
The hound bites you.
You shoot an arrow. The arrow misses the hound.
The hound bites you but does no damage. The hound completely misses you.
You shoot an arrow. The arrow hits the hound.
The arrow freezes the hound.
You kill the hound!
Your Stealth skill increases to level 3!
No target in view!
No target in view!
HP restored.
Found a stone staircase leading up.
You now have 183 gold pieces (gained 16).
n - a scroll labelled EPHI BOLUO No target in view!
An orc comes into view. It is wielding a +0 short sword.
Found 4 stones.
Found a shadowy altar of Dithmenos.
You shoot an arrow. The arrow hits the orc.
The arrow freezes the orc.
The orc shouts!
The orc is moderately wounded.
You hear a shout!
An orc comes into view. It is wielding a +0 short sword.
There are monsters nearby!
You shoot an arrow. The orc shouts!
The arrow hits the orc.
The arrow freezes the orc.
The orc is severely wounded.
Found a stone staircase leading down.
You shoot an arrow. The arrow hits the orc.
The arrow freezes the orc.
You kill the orc!
An orc is nearby!
You shoot an arrow. The arrow hits the orc.
The arrow freezes the orc.
The orc is heavily wounded.
An orc is nearby!
You shoot an arrow. The arrow hits the orc.
The arrow freezes the orc.
You kill the orc!
You hear a shout!
An orc priest comes into view. It is wielding a +0 club.
Items here: )) [ ††.
You shoot an arrow. The arrow hits the orc priest.
The arrow freezes the orc priest.
The orc priest is lightly wounded.
The orc priest misses you. You furiously retaliate!
You headbutt the orc priest.
An ogre comes into view. It is wielding a +0 giant spiked club.
The orc priest hits you with a +0 club.
There are monsters nearby!
You shoot an arrow. The arrow hits the orc priest.
The arrow freezes the orc priest.
The orc priest is heavily wounded.
The orc priest barely misses you.
There are monsters nearby!
You shoot an arrow. The arrow hits the orc priest!
The arrow freezes the orc priest.
The orc priest is almost dead.
The orc priest hits you with a +0 club.
Found 5 stones. 2 endoplasms come into view.
There are monsters nearby!
You shoot an arrow. The arrow hits the orc priest.
The arrow freezes the orc priest.
You kill the orc priest!
You shoot an arrow. The arrow barely misses the ogre.
The ogre hits you with a +0 giant spiked club!!
You are too injured to fight recklessly!
You are too injured to fight recklessly!
There are monsters nearby!
Fire: a) +1 shortbow (freeze)
Press: ? - help, Q - select action, (/) - cycle Shift-Dir - straight line, f/p - ogre
Aim: an ogre, wielding a +0 giant spiked club (78% to hit)
You shoot an arrow. The arrow barely misses the ogre.
The ogre hits you with a +0 giant spiked club!!
Ouch! That really hurt!
* * * LOW HITPOINT WARNING * * *
The endoplasm hits you but does no damage.
Fire: a) +1 shortbow (freeze)
Press: ? - help, Q - select action, (/) - cycle Shift-Dir - straight line, f/p - ogre
Aim: an ogre, wielding a +0 giant spiked club (78% to hit)
Okay, then.
You feel better. The ogre barely misses you. The endoplasm misses you.
You feel better. The endoplasm hits you.
The endoplasm hits you but does no damage.
The endoplasm freezes you.
You are frozen.
* * * LOW HITPOINT WARNING * * *
You hear the slow rusting of a distant drain.
The endoplasm misses you.
You shoot an arrow. The arrow hits the ogre.
The arrow freezes the ogre.
The ogre is lightly wounded.
The ogre hits you with a +0 giant spiked club!!
Ouch! That really hurt!
You die...

#......... ........
...###.<†.....
........#####..............
(...>...........##.........
.....§...................
..#§#........#####......
#§§§#..................
#§#§#J#...)..........##.
§§§_)JO@.?..............
#.#.#.#..............###
#§§.#...............# #
.§#.#......†.######.####
..........>..............
.......................)##
......<......##########...
...........## ####
##.#####..#


You could see an ogre and 2 endoplasms.

Vanquished Creatures
  An ice beast (D:3)
  An orc priest (D:4)
  A hound (D:4)
  Jessica (D:2)
  Natasha (thrice) (D:2)
  4 gnolls
  4 adders (D:2)
  4 dart slugs
  3 worms
  2 orcs (D:4)
  6 bats
  7 endoplasms
  3 giant cockroaches
  5 hobgoblins
  2 jackals (D:1)
  9 kobolds
  4 quokkas
  9 ball pythons
  A frilled lizard (D:3)
  4 goblins
  4 rats
78 creatures vanquished.

Vanquished Creatures (others)
  5 fungi (D:4)
5 creatures vanquished.

Grand Total: 83 creatures vanquished

Notes
Turn   | Place    | Note
-------+----------+-------------------------------------------
     0 | D:1      | Darkkill the Minotaur Hunter began the quest for the Orb.
     0 | D:1      | Reached XP level 1. HP: 18/18 MP: 0/0
   102 | D:1      | Reached skill level 1 in Stealth
   119 | D:1      | Found Gicraom's Armour Emporium.
   218 | D:1      | Reached XP level 2. HP: 25/25 MP: 1/1
   288 | D:1      | Found Fiazeus's Armour Shop.
   582 | D:1      | Found Kikaaka's Distillery.
   586 | D:1      | Bought a potion of curing for 39 gold pieces
   881 | D:2      | Reached XP level 3. HP: 31/31 MP: 2/2
  1193 | D:2      | Noticed Jessica
  1196 | D:2      | Killed Jessica
  1197 | D:2      | Reached XP level 4. HP: 22/38 MP: 3/3
  1224 | D:2      | Noticed Natasha
  1225 | D:2      | Reached skill level 5 in Ranged Weapons
  1228 | D:2      | Killed Natasha
  1230 | D:2      | Reached XP level 5. HP: 45/46 MP: 4/4
  1308 | D:2      | Noticed Natasha
  1312 | D:2      | Killed Natasha
  1407 | D:2      | Found a faded altar of an unknown god.
  1501 | D:2      | Noticed Natasha
  1508 | D:2      | Killed Natasha
  1529 | D:3      | Noticed an ice beast
  1542 | D:3      | Killed an ice beast
  1543 | D:3      | Reached XP level 6. HP: 52/53 MP: 5/5
  2763 | D:4      | Found a shadowy altar of Dithmenos.
  2775 | D:4      | HP: 2/53 [ogre/+0 giant spiked club (29)]
  2781 | D:4      | Mangled by an ogre

Illustrated notes

Levels and vault maps discovered:
D:1:      giann_forest_graveyard, layout_loops_corners, serial_shops,
          nicolae_shop_statue_plus, nicolae_shop_stone, shop
D:2:      layout_loops_cross, nicolae_ecumenical_snake_handling, uniq_natasha,
          uniq_jessica
D:3:      layout_basic, minmay_increasing_density
D:4:      layout_rooms, nzn_hepliaklqana_mist_gate,
          grunt_dithmenos_smoke_and_mirrors, serial_aquarium,
          aquarium_bridge_square [aquarium_subvault_bridge,
          aquarium_subvault_window, aquarium_subvault_bridge,
          aquarium_subvault_bridge], aquarium_bridge_square
          [aquarium_subvault_wall, aquarium_subvault_wall,
          aquarium_subvault_bridge, aquarium_subvault_bridge],
          aquarium_window_fake, aquarium_window_fake, aquarium_window_corner,
          aquarium_view_2e, portal_sewer_entry_a

Skill      XL: |  1  2  3  4  5  6 |
---------------+-------------------+-----
Stealth        | 1 2 3 |  3.0
Fighting       | 3 4 |  4.7
Dodging        | 3 4 |  4.3
Ranged Weapons | 5 |  5.7

Action                     |  1- 3 |  4- 6 || total
---------------------------+-------+-------++-------
   Fire: Shortbow          |    66 |   113 ||   179
    Use: Scroll            |     5 |     4 ||     9
         Potion            |     2 |     2 ||     4
 Armour: Leather armour    |     7 |    10 ||    17
  Dodge: Dodged            |    14 |    31 ||    45

Table legend: (Time is in decaauts)
 A = Elapsed time spent in this place.
 B = Non-inter-level travel time spent in this place.
 C = Inter-level travel time spent in this place.
 D = Time resting spent in this place.
 E = Time spent auto-exploring this place.
 F = Levels seen in this place.
 G = Mean time per level.
                   A        B        C        D        E       F      G
               +--------+--------+--------+--------+--------+-----+--------+
         Total |   2828 |   2599 |    229 |     75 |   2126 |   4 |  707.0 |
       Dungeon |   2828 |   2599 |    229 |     75 |   2126 |   4 |  707.0 |
               +--------+--------+--------+--------+--------+-----+--------+

Top non-repeatable levels by time:
     D:3: 1169 daAuts
     D:1: 881 daAuts
     D:2: 675 daAuts
     D:4: 102 daAuts

Table legend:
 A = Kills in this place as a percentage of kills in the entire game.
 B = Kills by you in this place as a percentage of kills by you in the entire game.
 C = Kills by friends in this place as a percentage of kills by friends in the entire game.
 D = Other kills in this place as a percentage of other kills in the entire game.
 E = Experience gained in this place as a percentage of experience gained in the entire game.
 F = Experience gained in this place divided by the number of levels of this place that you have seen.
                   A       B       C       D       E      F
               +-------+-------+-------+-------+-------+----------------------
         Total | 100.0 | 100.0 |   N/A |   N/A | 100.0 | 149.8
       Dungeon | 100.0 | 100.0 |   N/A |   N/A | 100.0 | 149.8
               +-------+-------+-------+-------+-------+----------------------
